Kradschützen Motorcycle Team
Selects Panzerjäger Kommand Battlegroup
Construct Light Support Kompanie
Selects Defensive Positions
Construct Mechanized Kompanie
Marder III Tank Destroyer
Selects Butterfly Bomb Drop
Panzerjäger Mechanized Group
le.IG 18 Support Gun Team
Selects GrB 39 Grenade Launcher Requisition
Selects Crew Shock Tactics
Construct Panzerarmee Kommand
Selects Anti-tank Overwatch
Flak 36 Anti-tank Gun Team